 Dungeon Crawl Stone Soup version 0.27.1-33-g824d729ab1 (webtiles) character file.

Game seed: 10214414167579993809

1093 zeram the Covert (level 8, -6/50 HPs)
             Began as an Octopode Brigand on Dec 23, 2021.
             Mangled by an ogre (21 damage)
             ... on level 5 of the Dungeon.
             The game lasted 00:09:16 (6910 turns).

zeram the Covert (Octopode Brigand)                 Turns: 6910, Time: 00:09:17

Health: -6/50      AC:  1    Str: 10    XL:     8   Next: 31%
Magic:  0/8        EV: 14    Int: 15    God:
Gold:   307        SH:  0    Dex: 14    Spells: 5/7 levels left

rFire    . . .     SeeInvis .   a - +2 dagger
rCold    . . .     Faith    .   (no shield)
rNeg     . . .     Spirit   +   (helmet restricted)
rPois    .         Reflect  .   h - amulet of guardian spirit
rElec    .         Harm     .   (no ring)
rCorr    .         Rampage  .   (no ring)
Will     .....                  (no ring)
Stlth    +++++.....             (no ring)
HPRegen  0.16/turn              (no ring)
MPRegen  0.11/turn              (no ring)
                                (no ring)
                                (no ring)

@: no status effects
A: almost no armour, amphibious, 8 rings, camouflage 1, gelatinous body 1,
(nimble swimmer 1), tentacles
a: no special abilities


You were on level 5 of the Dungeon.
You visited 1 branch of the dungeon, and saw 7 of its levels.

You collected 307 gold pieces.

Inventory:

Hand Weapons
 a - a +2 dagger (weapon)
Missiles
 b - 21 poisoned darts (quivered)
 c - 2 curare-tipped darts
Jewellery
 h - an amulet of guardian spirit (around mantle)
Wands
 m - a wand of charming (6)
Scrolls
 k - a scroll of fog
 l - a scroll of teleportation
 o - a scroll of blinking
Potions
 d - a potion of ambrosia
 e - a potion of haste
 f - a potion of flight {unknown}
 g - a potion of attraction
 i - a potion of invisibility {unknown}
 j - 2 potions of heal wounds
 n - 2 potions of curing
 p - 2 potions of lignification


   Skills:
 - Level 2.0 Fighting
 + Level 5.5 Short Blades
 - Level 2.0 Throwing
 + Level 3.0 Dodging
 + Level 10.5 Stealth
 * Level 3.2 Summonings


You had 5 spell levels left.
You knew the following spells:

 Your Spells              Type           Power      Damage    Failure   Level
a - Call Imp              Summ           9%         N/A       11%         2

Your spell library contained the following spells:

 Spells                   Type           Power      Damage    Failure   Level
 Foxfire                  Conj/Fire      0%         2x1d4     26%         1
 Magic Dart               Conj           0%         1d3       26%         1
 Conjure Flame            Conj/Fire      0%         6-21      63%         3
 Inner Flame              Hex/Fire       0%         N/A       63%         3
 Mephitic Cloud           Conj/Pois/Air  0%         N/A       63%         3


Dungeon Overview and Level Annotations

Branches:
Dungeon (7/15)
 Temple: D:4-7

Altars:
Cheibriados
Hepliaklqana
Wu Jian

Shops:
D:1 ?

Annotations:
D:3 3 runed translucent doors, Kranky's ghost, amateur GrBe
D:5 1 runed translucent door


Innate Abilities, Weirdness & Mutations

You cannot wear most types of armour.
You are amphibious.
You can wear up to eight rings at the same time.
Your skin changes colour to match your surroundings (Stealth+).
Your rubbery body absorbs attacks. (AC +1, EV +1)
((You are camouflaged near water. (Stealth+)))
You have tentacles for arms and can constrict up to eight enemies at once.


Message History

You constrict the orc wizard.
The orc wizard hits you with a +0 dagger.
You hit the orc wizard but do no damage.
The orc wizard is almost dead.
You constrict the orc wizard.
You kill the orc wizard!
No target in view!
No target in view!
No target in view!
Magic restored.
HP restored.
Things that are here:
a +0 dagger; a +0 robe; an orc corpse
Found a runed translucent door.
An ogre comes into view. It is wielding a +0 giant club.
An ogre is nearby!
An ogre is nearby!
An ogre is nearby!
An ogre is nearby!
An ogre is nearby!
You hit the ogre. You squeeze the ogre!
The ogre is heavily wounded.
The ogre misses you.
You hit the ogre.
The ogre is heavily wounded.
The ogre hits you with a +0 giant club!!
You hit the ogre.
The ogre is heavily wounded.
You hit the ogre but do no damage. You squeeze the ogre.
The ogre is severely wounded.
The ogre hits you with a +0 giant club!!
* * * LOW HITPOINT WARNING * * *
Okay, then.
Throw: 22 darts (poison)
Press: ? - help, Q - select action, (/) - cycle Shift-Dir - straight line, f - ogre
Aim: an ogre, wielding a +0 giant club (severely wounded, 75% to hit)
You throw a poisoned dart.
The poisoned dart barely misses the ogre.
The ogre hits you with a +0 giant club!!
You die...

........# .. #.........
..................# #.........
####..............# #.........
..................# #.........
..................# #.........
..................######.........
......####........#.......##.....
...... #........#.......##.....
...... #(....O@.#.......##.....
...... #................##.....
#######..........##.....
...#..........##.....
≈≈≈≈+..#.......#######
....#.########## # ####### # # #


You could see an ogre.

Vanquished Creatures
  A black bear (D:4)
  2 necrophages (D:4)
  4 ogres
  A phantom (D:4)
  A scorpion (D:4)
  A bullfrog skeleton (D:5)
  Crazy Yiuf (D:2)
  A bullfrog zombie (D:6)
  An orc priest (D:5)
  A hound (D:5)
  An iguana (D:6)
  A scorpion zombie (D:5)
  An orc wizard (D:5)
  A mummy (D:4)
  6 adders
  An adder skeleton (D:4)
  A worm (D:5)
  9 orcs
  4 bats
  2 endoplasms
  5 giant cockroaches
  4 goblins
  5 hobgoblins
  2 jackals (D:4)
  5 kobolds
  6 ball pythons
  A frilled lizard (D:1)
  A quokka skeleton (D:4)
  3 rats
73 creatures vanquished.

Notes
Turn   | Place    | Note
-------+----------+-------------------------------------------
     0 | D:1      | zeram the Octopode Brigand began the quest for the Orb.
     0 | D:1      | Reached XP level 1. HP: 14/14 MP: 1/1
   370 | D:1      | Reached XP level 2. HP: 19/19 MP: 2/2
   377 | D:1      | Found Udejaud's Magic Scroll Boutique.
   561 | D:1      | Reached skill level 6 in Stealth
   890 | D:1      | Found a faded altar of an unknown god.
  1534 | D:2      | Reached XP level 3. HP: 14/24 MP: 3/3
  2308 | D:2      | Found a runed translucent door.
  2309 | D:2      | Noticed Crazy Yiuf
  2819 | D:2      | Killed Crazy Yiuf
  2820 | D:2      | Reached skill level 7 in Stealth
  2820 | D:2      | Reached XP level 4. HP: 29/29 MP: 4/4
  3037 | D:3      | Noticed an ogre
  3057 | D:3      | Killed an ogre
  3058 | D:3      | Reached skill level 8 in Stealth
  3058 | D:3      | Reached XP level 5. HP: 34/34 MP: 5/5
  3268 | D:3      | Found a runed translucent gate.
  3268 | D:3      | Found a runed translucent gate.
  3269 | D:3      | Found a runed translucent gate.
  3269 | D:3      | Noticed Kranky's ghost (amateur GrBe)
  3271 | D:3      | Noticed a kobold brigand
  3436 | D:3      | Learned a level 2 spell: Call Imp
  3767 | D:4      | Found a snail-covered altar of Cheibriados.
  3773 | D:4      | Noticed a necrophage
  3786 | D:4      | Killed a necrophage
  3787 | D:4      | Reached skill level 1 in Summonings
  3787 | D:4      | Reached XP level 6. HP: 22/39 MP: 2/6
  3932 | D:4      | You fall into a shaft and drop 3 floors!
  4108 | D:6      | Noticed a necrophage
  4257 | D:6      | Noticed a black bear
  4345 | D:6      | Reached skill level 9 in Stealth
  4345 | D:6      | Reached XP level 7. HP: 45/45 MP: 7/7
  4351 | D:5      | Entered Level 5 of the Dungeon
  5054 | D:4      | Reached skill level 5 in Short Blades
  5285 | D:4      | Found a hazy altar of Hepliaklqana.
  5747 | D:5      | Reached skill level 10 in Stealth
  5891 | D:5      | Reached XP level 8. HP: 24/50 MP: 3/8
  6338 | D:5      | Found an ornate altar of the Wu Jian Council.
  6891 | D:5      | Found a runed translucent door.
  6910 | D:5      | Mangled by an ogre

Illustrated notes

Levels and vault maps discovered:
D:1:      dpeg_arrival_round_a, layout_basic, serial_shops, shop,
          hellmonk_ecumenical_altar_crossroads, serial_aquarium,
          aquarium_bridge_long_separate [aquarium_subvault_wall,
          aquarium_subvault_wall, aquarium_subvault_bridge,
          aquarium_subvault_wall, aquarium_subvault_window,
          aquarium_subvault_bridge], aquarium_window_fake, aquarium_window_1,
          aquarium_window_1, aquarium_view_2b, aquarium_view_2a,
          aquarium_pool_corner, corexii_leaking_fountain, minmay_misc_feat_roman
D:2:      minmay_inner_zag, layout_basic, minmay_misc_feat_encased,
          minmay_misc_feat_iff, uniq_crazy_yiuf_cottage
D:3:      layout_basic, gammafunk_ghost_nasty_kobolds
D:4:      layout_loops_ring, slow_altar_1, kennysheep_little_box,
          serial_park_tiny_2
D:5:      layout_basic, pdpol_wu_jian_five_deadly_venoms,
          ebering_ghost_reflecting_pool, roderic_filled_cross, uniq_grinder
D:6:      layout_basic, kennysheep_mini, amcnicky_mini_corridor_feature,
          kennysheep_potato
D:7:      layout_loops_ring, minitemple, mainiacjoe_overflow_catwalk,
          nicolae_ru_the_path_less_chosen, minmay_temple_entry_trees,
          gammafunk_ghost_berserking_beasts

Skill      XL: |  1  2  3  4  5  6  7  8 |
---------------+-------------------------+-----
Stealth        | 6 7 8 9 10 | 10.5
Short Blades   | 3 4 5 |  5.5
Summonings     | 1 2 3 |  3.2
Dodging        | 2 3 |  3.0
Fighting       | |  2.0
Throwing       | |  2.0

Action                   |  1- 3 |  4- 6 |  7- 9 || total
-------------------------+-------+-------+-------++-------
Melee: Dagger            |    68 |    44 |   103 ||   215
       Constrict         |    19 |     6 |    16 ||    41
       Tentacles         |     9 |     7 |    26 ||    42
Throw: Dart              |       |     3 |     5 ||     8
  Use: Scroll            |     7 |     3 |     4 ||    14
 Stab: Sleeping          |     4 |     4 |     8 ||    16
       Distracted        |       |     2 |       ||     2
Armor: Skin              |     8 |     1 |     3 ||    12
Dodge: Dodged            |    29 |    15 |    37 ||    81
